 Dungeon Crawl Stone Soup version 0.20-a0-303-g575bbf7 (webtiles) character file.

16514 PurpleRed the Dealer of Despair (level 12, -10/83 HPs)
             Began as a Vampire Necromancer on Dec 16, 2016.
             Was an Elder of Kikubaaqudgha.
             Mangled by a sixfirhy (11 damage)
             ... summoned by an orc sorcerer
             ... while paralysed by an orc sorcerer
             ... on level 1 of the Orcish Mines.
             The game lasted 01:28:04 (16835 turns).

PurpleRed the Dealer of Despair (VpNe)             Turns: 16835, Time: 01:28:05

Health: -10/83     AC: 10    Str:  7    XL:     12   Next: 10%
Magic:  17/20      EV:  2    Int: 24    God:    Kikubaaqudgha [****..]
Gold:   956        SH:  0    Dex: 16    Spells: 5/22 levels left

rFire  + . .     SeeInvis +     a - +3 long sword (elec)
rCold  . . .     Gourm    .     f - +2 leather armour {rF+}
rNeg   + . .     Faith    .     (no shield)
rPois  .         Spirit   .     p - +1 hat {Int+3}
rElec  .         Reflect  .     v - +0 cloak
rCorr  .         Harm     .     (no gloves)
MR     +....                    y - +2 pair of boots
Stlth  ++........               k - amulet of regeneration
                                (no ring)
                                (no ring)

@: paralysed, very slightly contaminated, drained
A: fangs 3, see invisible, unbreathing
a: Bat Form, Receive Corpses, Renounce Religion


You were on level 1 of the Orcish Mines.
You worshipped Kikubaaqudgha.
Kikubaaqudgha was greatly pleased with you.
You were not thirsty.

You visited 4 branches of the dungeon, and saw 15 of its levels.
You also visited: Ossuary.

You collected 956 gold pieces.

Inventory:

Hand Weapons
 a - a +3 long sword of electrocution (weapon)
 w - a +3 quarterstaff of chaos
 E - a +0 dire flail of protection
Missiles
 s - a throwing net (quivered)
Armour
 f - a +2 leather armour of fire resistance (worn)
 p - a +1 hat of intelligence (worn)
 q - a +1 helmet
 v - a +0 cloak (worn)
 y - a +2 pair of boots (worn)
 D - a +2 robe of fire resistance
 F - a +1 scale mail of positive energy
Jewellery
 k - an amulet of regeneration (around neck)
 m - an uncursed amulet of magic regeneration {unknown}
Wands
 l - a wand of slowing (35/48)
 t - a wand of hasting (0/9)
 B - a wand of polymorph (14/24)
 I - a wand of paralysis (13/24)
 J - a wand of teleportation (4/9)
Scrolls
 d - 3 scrolls of magic mapping
 h - 5 scrolls of remove curse
 j - a scroll of blinking
 x - 3 scrolls of teleportation
Potions
 c - 22 potions of blood
 e - 5 potions of flight
 g - 4 potions of resistance
 i - a potion of heal wounds
 n - 2 potions of brilliance
 o - 3 potions of agility
 r - a potion of lignification
 u - 2 potions of curing
 A - 2 potions of haste
 C - 2 potions of might
Books
 G - Kikubaaqudgha's Reference Book on Darkness
   (Kikubaaqudgha gifted it to you on level 10 of the Dungeon)

   Spells                             Type                      Level
   a - Animate Dead                   Necromancy                   4
   b - Excruciating Wounds            Charms/Necromancy            5
   c - Bolt of Draining               Conjuration/Necromancy       5
   d - Dispel Undead                  Necromancy                   5
   e - Death Channel                  Necromancy                   6
 H - Kikubaaqudgha's Grimoire of Sinister Rituals
   (Kikubaaqudgha gifted it to you on level 6 of the Dungeon)

   Spells                             Type                      Level
   a - Pain                           Necromancy                   1
   b - Corpse Rot                     Necromancy                   2
   c - Sublimation of Blood           Necromancy                   2
   d - Regeneration                   Charms/Necromancy            3
   e - Control Undead                 Necromancy                   4


   Skills:
 - Level 4.0(3.7) Fighting
 * Level 12.5(12.1) Long Blades
 - Level 7.1(6.7) Dodging
 - Level 3.3(3.0) Stealth
 + Level 5.8(5.4) Spellcasting
 + Level 13.2(12.8) Necromancy


You had 5 spell levels left.
You knew the following spells:

 Your Spells              Type           Power        Failure   Level  Hunger
a - Pain                  Necr           ####         1%          1    None
b - Vampiric Draining     Necr           ######....   1%          3    #......
d - Animate Dead          Necr           N/A          1%          4    ###....
e - Corpse Rot            Necr           N/A          1%          2    None
r - Regeneration          Chrm/Necr      #####.....   2%          3    #......
v - Control Undead        Necr           ######....   1%          4    ###....


Dungeon Overview and Level Annotations

Branches:
Dungeon (12/15)            Temple (1/1) D:6            Lair (1/6) D:11
    Orc (1/2) D:9

Altars:
Ashenzari
Cheibriados
Dithmenos
Elyvilon
Fedhas
Gozag
Hepliaklqana
Kikubaaqudgha
Makhleb
Nemelex Xobeh
Okawaru
Qazlal
Ru
Sif Muna
Trog
Uskayaw
Vehumet
Xom
Yredelemnul
Zin
The Shining One

Shops:
D:11 (

Annotations:
D:4 TroubleDarcy's ghost, amateur TrCK
D:5 benjmain's ghost, novice HOCK
D:12 Snorg


Innate Abilities, Weirdness & Mutations

You have razor-sharp teeth.
You have supernaturally acute eyesight. (SInv)
You can survive without breathing.


Message History

You feel much better. The sixfirhy hits you.
* * * LOW HITPOINT WARNING * * *
The sixfirhy shocks you!
* * * LOW HITPOINT WARNING * * *
The chaos spawn closely misses you.
You riposte.
You slash the chaos spawn!
The chaos spawn is moderately wounded.
The orc sorcerer becomes larger for a moment.
The orc sorcerer hits you but does no damage.
Blink to where?
Press: ? - help, Dir - move target cursor, p - orc sorcerer You are very lightly contaminated with residual magic.
As you read the scroll of blinking, it crumbles to dust.
The orc sorcerer gestures at you while chanting.
You suddenly lose the ability to move!
The sixfirhy hits you but does no damage.
The sixfirhy hits you.
* * * LOW HITPOINT WARNING * * *
The sixfirhy shocks you!
You die...
Kikubaaqudgha rasps: "You have failed me!
Welcome... oblivion!"

..### .$........ ..# ###
##......... .#####.## #..........
..#.....### #..#.#.#..
.......##.###### ### #.........
......#.....##.#####)####.....#..
.................##.))##.........
..#......##.##.....#†.§....#.....
........########@3...4o(.........
#......## #....##.........#..
.#...##.## ##.####...#........
.....#...# ### #....#.......
.#.......# ##..........#
####.##.## ###.##.##.## ###### ##
## ##


You could see a sixfirhy, a chaos spawn and an orc sorcerer.

Vanquished Creatures
  3 two-headed ogres
  An unseen horror (D:11)
  Pikel (D:8)
  An orc sorcerer (Orc:1)
  An orc knight (Orc:1)
  A deep elf mage (D:12)
  An oklob plant (D:11)
  Joseph (D:8)
  6 hippogriffs
  Prince Ribbit (D:5)
  6 yaks (D:10)
  2 hungry ghosts (D:7)
  2 hogs (D:10)
  A human (D:10)
  Edmund (D:6)
  7 orc warriors
  3 slaves (D:8)
  5 ice beasts
  3 phantoms
  6 ogres
  2 sky beasts
  3 necrophages
  4 centaurs
  A crocodile (D:11)
  A big kobold (D:8)
  7 bullfrogs
  3 scorpions
  12 killer bees
  6 wights
  6 howler monkeys
  4 crimson imps
  A bullfrog zombie (D:10)
  5 centaur zombies
  5 hounds
  A jelly (D:11)
  7 orc priests
  A bullfrog skeleton (D:8)
  Crazy Yiuf (D:3)
  Natasha (thrice) (D:3)
  2 centaur skeletons
  2 iguanas
  10 orc wizards
  11 worker ants
  2 hound skeletons
  A mummy (Ossuary)
  A worker ant zombie (D:6)
  13 adders
  3 gnolls (D:3)
  3 shadow imps
  2 adder zombies
  An adder skeleton (D:9)
  A dart slug (D:4)
  A worm (D:2)
  7 leopard geckos
  35 orcs
  A ball python (D:3)
  4 giant cockroaches
  10 goblins
  6 hobgoblins
  4 jackals
  18 kobolds
  2 quokkas
  8 bats
  8 frilled lizards
  2 goblin zombies
  7 hobgoblin zombies (Ossuary)
  2 jackal zombies
  5 kobold zombies (Ossuary)
  2 orc zombies (Ossuary)
  A quokka skeleton (D:4)
  2 quokka zombies
  7 rats
  4 plants (D:11)
314 creatures vanquished.

Vanquished Creatures (collateral kills)
  Gastronok (D:8)
  An ugly thing (D:12)
  A cyclops (D:11)
  A hog (D:10)
  An ice beast (D:9)
  A phantom (D:11)
  An elf zombie (Ossuary)
  A wight (D:6)
  A howler monkey (D:9)
  2 crimson imps (D:5)
  2 centaur zombies
  An orc wizard (D:10)
  An iguana (D:9)
  A worker ant (D:8)
  A big kobold zombie (Ossuary)
  A mummy (Ossuary)
  A shadow imp (D:12)
  6 hobgoblin zombies (Ossuary)
  2 kobold zombies (Ossuary)
  7 orc zombies (Ossuary)
  A rat zombie (Ossuary)
35 creatures vanquished.

Vanquished Creatures (others)
  A slave (D:8)
1 creature vanquished.

Grand Total: 350 creatures vanquished

Notes
Turn   | Place    | Note
-------+----------+-------------------------------------------
     0 | D:1      | PurpleRed the Vampire Necromancer began the quest for the Orb.
     0 | D:1      | Reached XP level 1. HP: 13/13 MP: 3/3
   327 | D:1      | Reached XP level 2. HP: 16/19 MP: 0/5
  1622 | D:2      | Reached XP level 3. HP: 19/24 MP: 0/7
  1641 | D:2      | Learned a level 3 spell: Vampiric Draining
  2147 | D:2      | Reached skill level 5 in Necromancy
  2282 | D:2      | Found a shadowy altar of Dithmenos.
  2578 | D:3      | Reached XP level 4. HP: 22/30 MP: 0/8
  2883 | D:3      | You fall through a shaft!
  2937 | D:4      | Learned a level 4 spell: Control Undead
  2946 | D:4      | Noticed TroubleDarcy's ghost (amateur TrCK)
  3304 | D:4      | Found a sand-covered staircase.
  3387 | Ossuary  | Entered an ossuary
  3551 | Ossuary  | Reached XP level 5. HP: 35/35 MP: 6/10
  3927 | D:4      | Reached skill level 6 in Necromancy
  4108 | D:3      | Reached XP level 6. HP: 30/41 MP: 6/12
  4273 | D:3      | Noticed Natasha
  4399 | D:3      | Killed Natasha
  4400 | D:3      | Upgraded the game from 0.20-a0-301-g264e157 to 0.20-a0-303-g575bbf7
  4454 | D:3      | Noticed Natasha
  4465 | D:3      | Killed Natasha
  4935 | D:3      | Learned a level 4 spell: Animate Dead
  5193 | D:3      | Found a runed door.
  5318 | D:3      | Noticed Natasha
  5335 | D:3      | Killed Natasha
  5335 | D:3      | Reached skill level 7 in Necromancy
  5635 | D:3      | Noticed Crazy Yiuf
  5643 | D:3      | Killed Crazy Yiuf
  5752 | D:5      | Entered Level 5 of the Dungeon
  5826 | D:5      | Reached XP level 7. HP: 42/46 MP: 6/14
  5910 | D:5      | Noticed Prince Ribbit
  5960 | D:5      | Reached skill level 5 in Spellcasting
  6058 | D:5      | Found a shimmering altar of Xom.
  6357 | D:5      | Noticed benjmain's ghost (novice HOCK)
  7019 | D:5      | Learned a level 3 spell: Regeneration
  7207 | D:5      | Killed Prince Ribbit
  7207 | D:5      | Reached skill level 1 in Long Blades
  7207 | D:5      | Reached skill level 8 in Necromancy
  7624 | D:6      | Reached XP level 8. HP: 52/52 MP: 15/15
  7718 | D:6      | Reached skill level 9 in Necromancy
  7798 | D:6      | Found a staircase to the Ecumenical Temple.
  7829 | Temple   | Entered the Ecumenical Temple
  7842 | Temple   | Became a worshipper of Kikubaaqudgha
  8325 | D:6      | Noticed Edmund
  8359 | D:6      | Killed Edmund
  8626 | D:6      | Reached skill level 10 in Necromancy
  9149 | D:7      | Reached skill level 1 in Fighting
  9334 | D:7      | Reached skill level 5 in Long Blades
  9552 | D:6      | Reached * piety under Kikubaaqudgha
  9552 | D:6      | Identified Kikubaaqudgha's Grimoire of Sinister Rituals (Kikubaaqudgha gifted it to you on level 6 of the Dungeon)
  9552 | D:6      | Received a gift from Kikubaaqudgha
  9556 | D:6      | Reached XP level 9. HP: 46/61 MP: 1/16
 10024 | D:7      | Found an ancient bone altar of Kikubaaqudgha.
 10474 | D:8      | Noticed Joseph
 10503 | D:8      | Found a blossoming altar of Fedhas.
 10631 | D:8      | Found a hide-covered altar of Uskayaw.
 10633 | D:8      | Found a white marble altar of Elyvilon.
 10749 | D:8      | Noticed Gastronok
 10882 | D:8      | Reached skill level 11 in Necromancy
 10960 | D:8      | Learned a level 2 spell: Corpse Rot
 11033 | D:8      | Reached ** piety under Kikubaaqudgha
 11091 | D:8      | Killed Joseph
 11303 | D:8      | Found a basalt altar of Yredelemnul.
 11312 | D:8      | Found a bloodstained altar of Trog.
 11335 | D:8      | Reached XP level 10. HP: 71/71 MP: 17/17
 11340 | D:8      | Noticed Pikel
 11421 | D:8      | Killed Pikel
 11616 | D:8      | Killed Gastronok
 12011 | D:9      | Noticed a two-headed ogre
 12026 | D:9      | Killed a two-headed ogre
 12217 | D:9      | Found a staircase to the Orcish Mines.
 12479 | D:10     | Entered Level 10 of the Dungeon
 12558 | D:10     | Reached skill level 5 in Dodging
 12564 | D:10     | Reached skill level 10 in Long Blades
 12573 | D:10     | Reached skill level 12 in Necromancy
 12890 | D:10     | Reached XP level 11. HP: 69/77 MP: 18/18
 12991 | D:10     | Reached *** piety under Kikubaaqudgha
 12991 | D:10     | Identified Kikubaaqudgha's Reference Book on Darkness (Kikubaaqudgha gifted it to you on level 10 of the Dungeon)
 12991 | D:10     | Received a gift from Kikubaaqudgha
 13334 | D:10     | Noticed a two-headed ogre
 13334 | D:10     | Noticed a two-headed ogre
 13511 | D:10     | Killed a two-headed ogre
 13697 | D:10     | Killed a two-headed ogre
 14015 | D:11     | Noticed an oklob plant
 14018 | D:11     | Found a staircase to the Lair.
 14159 | D:11     | Killed an oklob plant
 14563 | D:11     | Noticed an unseen horror
 14580 | D:11     | Killed an unseen horror
 14601 | D:11     | Found Lesaosil's Weapon Boutique.
 15310 | D:12     | Reached **** piety under Kikubaaqudgha
 15315 | D:12     | Noticed a deep elf mage
 15325 | D:12     | Killed a deep elf mage
 15448 | D:12     | Noticed Snorg
 15480 | D:12     | Noticed a purple ugly thing
 15491 | D:12     | Killed a purple ugly thing
 15491 | D:12     | Reached skill level 13 in Necromancy
 15799 | Lair:1   | Entered Level 1 of the Lair of Beasts
 15828 | Lair:1   | Noticed a five-headed hydra
 16212 | Orc:1    | Entered Level 1 of the Orcish Mines
 16232 | Orc:1    | Reached XP level 12. HP: 64/83 MP: 20/20
 16831 | Orc:1    | HP: 3/83 [sixfirhy[an orc sorcerer] (10)]
 16832 | Orc:1    | HP: 1/83 [sixfirhy[an orc sorcerer] (11)]
 16833 | Orc:1    | Paralysed by an orc sorcerer for 3 turns
 16835 | Orc:1    | Mangled by a sixfirhy

Vault maps used:
D:1:      roderic_chinese_lattice_arrival
D:2:      lemuel_coloured_pillars_altar
D:3:      hangedman_decor_growths, uniq_natasha, uniq_crazy_yiuf_cottage
D:4:      enter_ossuary_4, serial_glass, glass_columns_c, glass_columns_a,
          first_bread
D:5:      basic_altar, st_stairs_10, uniq_prince_ribbit1
D:6:      kb_forest_paths, uniq_edmund
D:7:      basic_altar
D:8:      fedhas_altar_1, nicolae_overflow_hidden_temple,
          amethyst_overflow_temple_binary, uniq_pikel, uniq_gastronok,
          uniq_joseph
D:9:      orc_0_dummy
D:10:     grunt_livestock
D:11:     dpeg_oklobed_lair, serial_shops, shop
D:12:     st_stairs_6, uniq_snorg
Temple:   regret_index_temple_waves
Lair:1:   infiniplex_staircase_pool_2
Ossuary:  ossuary_tomb_1

Skill      XL: |  1  2  3  4  5  6  7  8  9 10 11 |
---------------+----------------------------------+-----
Spellcasting   | 3 4 5 |  5.8
Necromancy     | 5 6 7 8 10 11 12 13 | 13.2
Long Blades    | 2 5 8 10 12 | 12.5
Fighting       | 1 4 |  4.0
Dodging        | 5 7 |  7.1
Stealth        | |  3.3

Action                   |  1- 3 |  4- 6 |  7- 9 | 10-12 || total
-------------------------+-------+-------+-------+-------++-------
Melee: Whip              |     1 |   124 |       |       ||   125
       Bite              |       |    15 |    32 |    53 ||   100
       Long sword        |       |       |   357 |   440 ||   797
       Quarterstaff      |       |       |     3 |       ||     3
       Unarmed           |       |       |     1 |       ||     1
Throw: Throwing net      |       |       |       |     1 ||     1
 Cast: Pain              |    76 |    75 |    50 |    17 ||   218
       Control Undead    |       |     9 |     9 |     5 ||    23
       Vampiric Draining |       |     8 |    42 |    53 ||   103
       Regeneration      |       |       |    21 |    15 ||    36
       Animate Dead      |       |       |       |    16 ||    16
Invok: Receive Corpses   |       |       |       |     4 ||     4
 Abil: End Transformatio |       |     2 |     6 |     4 ||    12
       Bat Form          |       |     2 |     6 |     4 ||    12
  Use: Potion            |     3 |    13 |    15 |    18 ||    49
       Scroll            |     7 |     4 |     8 |    11 ||    30
 Stab: Sleeping          |       |     3 |    11 |    13 ||    27
       Distracted        |       |       |       |     5 ||     5
Armor: Robe              |     3 |       |       |       ||     3
       Leather armour    |     1 |    45 |   165 |   120 ||   331
Dodge: Dodged            |    13 |    75 |   246 |   263 ||   597
       Rpst.: Long sword |       |       |    78 |    76 ||   154
